[Event "Early-Titled-Tuesday-Blitz-March-05-2024"]
[Site "Chess.com"]
[Date "2024.03.05"]
[Round "8"]
[White "ricaurtelopezj1955"]
[Black "nuadvaga"]
[Result "0-1"]
[WhiteElo "2136"]
[BlackElo "2180"]
[TimeControl "180+1"]
[EndTime "9:31:00 PST"]
[Termination "nuadvaga won on time"]

1. e4 e5 2. d4 exd4 3. c3 d3 4.
Bxd3 Bc5 5. a4 a5 6. Nf3 d6 7.
O-O Bg4 8. h3 Bh5 9. Be3 Nd7 10.
Bxc5 Nxc5 11. Bc2 Nf6 12. Nbd2 O-O 13. b4 axb4 14. cxb4 Ne6 15. Qb1 Re8 16. Qb2 Nf4 17.
Rfe1 Bg6 18. Ra3 c6 19. Rae3 Qc7 20. Nf1 Nd7 21. Ng3 Ne5 22. Nh4 Nc4 23. Qc3 Nxe3 24.
fxe3 Ne6 25. Rd1 Rad8 26. Bb3 d5 27. exd5 Qxg3 28. Nxg6 Qxg6 29. dxe6 Rxd1+ 30. Bxd1 Rxe6 31. Kf2 Qf6+ 32. Qxf6 Rxf6+ 33. Ke1 Kf8 34. Bg4 Ke7 35. a5 Kd8 36. Kd2 Rd6+ 37. Kc2 Kc7 38. Bf5 g6 39. Be4 f5 40. Bf3 Re6 41. Kd3 Re5 42. e4 fxe4+ 43. Bxe4 Rg5 44. Kc4 Re5 45. Kd4 Re7 46. Kd3 Rf7 47. Kc4 Rf2 48. Kd4 g5 49. Bxh7 Rxg2 50. Bf5 Rb2 51. Kc3 Rf2 52. Bg4 Rf4 53. Kb3 c5 0-1

[Event "Early-Titled-Tuesday-Blitz-March-05-2024"]
[Site "Chess.com"]
[Date "2024.03.05"]
[Round "8"]
[White "Manukyan_Artak"]
[Black "awesomevishesh"]
[Result "0-1"]
[WhiteElo "2524"]
[BlackElo "2649"]
[TimeControl "180+1"]
[EndTime "9:31:01 PST"]
[Termination "awesomevishesh won by checkmate"]

1. e4 c5 2. Nf3 d6 3. Bb5+ Nd7 4. O-O a6 5. Bd3 Ngf6 6. c3 b5 7. Bc2 Bb7 8. Re1 c4 9. b4 e5 10. d4 cxd3 11. Qxd3 Be7 12. Nbd2 O-O 13. Nb3 Nb6 14. Na5 Qc7 15. Nxb7 Qxb7 16. Bb3 Rac8 17. Nh4 g6 18. g3 Nc4 19. a4 d5 20. exd5 Nxd5 21. axb5 axb5 22.
Nf3 Bf6 23. Bxc4 Rxc4 24. Bd2 e4 25. Rxe4 Nxb4 26. cxb4 Bxa1 27. Ng5 h6 28. Rxc4 bxc4 29. Qb1 Bg7 30. Ne4 Qd5 31. Bc3 Bxc3 32. Nxc3 Qd3 33.
Qc1 Rd8 34. Kg2 Qd2 35. Qa1 Qd4 36. Qc1 Kg7 37. h4 h5 38. b5 Rb8 39. Qa3 Re8 40. Qb2 Re6 41. Kf1 Qd3+ 42. Kg2 Kh7 43. b6 Qd7 44.
Na4 Qxa4 45. b7 Qc6+ 46. Kh2 Re1 47. f3 Qxf3 48. Qh8+ Kxh8 49. b8=Q+ Kh7 50. Qh8+ Kxh8 51. g4 Rh1# 0-1

[Event "Early-Titled-Tuesday-Blitz-March-05-2024"]
[Site "Chess.com"]
[Date "2024.03.05"]
[Round "8"]
[White "MyDream003"]
[Black "ReadySkate"]
[Result "1-0"]
[WhiteElo "2759"]
[BlackElo "2575"]
[TimeControl "180+1"]
[EndTime "9:31:02 PST"]
[Termination "MyDream003 won by resignation"]

1. Nf3 Nf6 2. e3 g6 3. Be2 Bg7 4. O-O O-O 5. d4 d5 6. b3 c5 7. Bb2 cxd4 8. exd4 Nc6 9. c3 Bf5 10. Nbd2 Nh5 11. Re1 Nf4 12. Bf1 Rc8 13. Re3 Qd7 14.
a3 a5 15. b4 axb4 16. axb4 h6 17. Nb3 b6 18. h3 g5 19. Ne1 Rfe8 20. Nf3 Bg6 21.
Bb5 Qd6 22. Qf1 Be4 23. Rae1 e6 24. Nbd2 Bf5 25. Nb3 Ra8 26. Nc1 Rec8 27. h4 g4 28. Ne5 Nxe5 29. dxe5 Qc7 30. g3 Ng6 31. Qe2 h5 32.
Bd3 Bxd3 33. Nxd3 Qc4 34. Qd1 Ra2 35. R3e2 Rca8 36. Qb1 Bh6 37. Kg2 Qc6 38. Kg1 Ne7 39. Nc1 R2a7 40. Nb3 Nf5 41. Nd4 Nxd4 42. cxd4 Qc4 43. Rc2 Qxb4 44. Bc3 Qxb1 45. Rxb1 Rb7 46. Rcb2 Rab8 47. Rb5 Rc8 48. Ba5 Rc1+ 49. Rxc1 Bxc1 50. Rxb6 Rxb6 51. Bxb6 Kf8 52. Kg2 Ke7 53. Bc5+ Kd7 54. f3 Kc6 55. fxg4 hxg4 56. Bf8 Kb5 57. h5 Kc4 58. h6 Bxh6 59. Bxh6 Kxd4 60. Bf4 Ke4 61. Kf2 Kd3 62. Ke1 Kd4 63. Kd2 Ke4 64. Ke2 Kd4 65. Kd2 Ke4 66. Kc3 Kf3 67. Kd3 Kf2 68. Kd4 Kf3 69. Kc5 Ke4 70. Kd6 d4 71. Ke7 d3 72. Kxf7 d2 73. Bxd2 Kxe5 74. Kg6 Ke4 75. Kg5 Kf3 76. Bf4 1-0

[Event "Early-Titled-Tuesday-Blitz-March-05-2024"]
[Site "Chess.com"]
[Date "2024.03.05"]
[Round "8"]
[White "StankovicIvan"]
[Black "LornerAcosta"]
[Result "0-1"]
[WhiteElo "2520"]
[BlackElo "2637"]
[TimeControl "180+1"]
[EndTime "9:31:02 PST"]
[Termination "LornerAcosta won by resignation"]

1. e4 c5 2. c4 Nc6 3. Nc3 e5 4. g3 d6 5. Bg2 g6 6. d3 Bg7 7. Nge2 h6 8. O-O Nge7 9. Rb1 Be6 10. a3 b6 11. Nd5 O-O 12. b4 Qd7 13. b5 Nd4 14.
Nxd4 cxd4 15. a4 Nxd5 16. cxd5 Bh3 17. Bd2 Bxg2 18. Kxg2 f5 19. Rc1 f4 20. f3 fxg3 21.
hxg3 a6 22. Qb3 axb5 23. axb5 Rfb8 24. Rc6 Bf8 25. Rfc1 Ra7 26. Bb4 h5 27. R1c2 h4 28. gxh4 Rab7 29. Qc4 Qh7 30. Be1 Rf7 31. Rc7 Rb7 32.
Rxb7 Rxb7 33. Qc8 Rf7 34. Qe6 Qh5 35. Rf2 Kg7 36. Qg4 Qh7 37. Rc2 Be7 38. Rc7 Qh6 39. h5 Qxh5 40. Qxh5 gxh5 41. Rc6 Kf8 42. Rxb6 Ke8 43.
Bb4 Rg7+ 44. Kh3 h4 45. Bxd6 Rg3+ 46. Kh2 Rxf3 47. Bxe7 Kxe7 48. Re6+ Kd7 49. Rxe5 Rxd3 50. Rh5 Re3 51. b6 d3 52. b7 Re2+ 53. Kh3 Rb2 54. e5 d2 55. Rh7+ Kd8 56. b8=Q+ Rxb8 57. Rh8+ Kc7 58. d6+ Kb7 59. Rh7+ Kc6 60. Rc7+ Kd5 61. d7 d1=Q 0-1

[Event "Early-Titled-Tuesday-Blitz-March-05-2024"]
[Site "Chess.com"]
[Date "2024.03.05"]
[Round "8"]
[White "Coach_Istvanovszki"]
[Black "santosalberto1987"]
[Result "1-0"]
[WhiteElo "2461"]
[BlackElo "2539"]
[TimeControl "180+1"]
[EndTime "9:31:02 PST"]
[Termination "Coach_Istvanovszki won by resignation"]

1. d4 Nf6 2. Nc3 d5 3. Bf4 e6 4.
Nb5 Bb4+ 5. c3 Ba5 6. a4 Bd7 7. b4 Bb6 8. e3 Bxb5 9. Bxb5+ c6 10.
Bd3 Bc7 11. Qf3 Nbd7 12. Ne2 Bxf4 13. Qxf4 Qe7 14. O-O e5 15. dxe5 Qxe5 16. Nd4 Qxf4 17. exf4 O-O 18. Rfe1 Rfe8 19. f3 Rxe1+ 20. Rxe1 Re8 21.
Rxe8+ Nxe8 22. Kf2 Nd6 23. Ke3 Kf8 24. a5 a6 25. Nb3 Ke7 26. Kd4 g6 27. Nc5 Nf8 28. g4 h6 29. h4 Kd8 30. Ke5 Ke7 31. g5 h5 32. f5 gxf5 33. Bxf5 Nc4+ 34. Kd4 Nd6 35. Bd3 Ng6 36. Be2 Nxh4 37. f4 Nhf5+ 38. Ke5 h4 39. Nxb7 Nxb7 40. Kxf5 h3 41. Kg4 h2 42. Bf3 Nd6 43. Kg3 Nb5 44. Kxh2 Nxc3 45. Kg3 Kd6 46. f5 Ke5 47. Kg4 Nb5 48. g6 fxg6 49. fxg6 Kf6 50. Kh5 Kg7 51. Kg5 Nd4 52. Bg4 Nc2 53. Bc8 Nxb4 54. Kf5 c5 55. Bb7 d4 56. Ke5 Kxg6 57. Kd6 c4 58. Kc5 c3 59. Kxb4 Kf5 60. Bxa6 Ke4 61. Kb3 Kf3 62. Bd3 Ke3 63. Kc2 1-0

[Event "Early-Titled-Tuesday-Blitz-March-05-2024"]
[Site "Chess.com"]
[Date "2024.03.05"]
[Round "8"]
[White "TheMagician"]
[Black "Balla_Tamas"]
[Result "1-0"]
[WhiteElo "2219"]
[BlackElo "2424"]
[TimeControl "180+1"]
[EndTime "9:31:02 PST"]
[Termination "TheMagician won by checkmate"]

1. d4 d5 2. c4 e6 3. Nf3 c5 4.
cxd5 exd5 5. Nc3 Nc6 6. Bg5 Be7 7. Bxe7 Ngxe7 8. dxc5 O-O 9. e3 Bg4 10. Be2 Qa5 11.
O-O Qxc5 12. Nd4 Bxe2 13. Ncxe2 Rad8 14. Rc1 Qb6 15. Nxc6 Nxc6 16. b3 d4 17. Nxd4 Nxd4 18. exd4 Rxd4 19. Qc2 h6 20. Rfd1 Rfd8 21. Rxd4 Qxd4 22.
h3 a6 23. Qc7 b5 24. Qc2 Qf4 25. Rd1 Re8 26. Qd2 Qf5 27. Re1 Rxe1+ 28. Qxe1 g6 29. Qd2 h5 30. h4 Qb1+ 31. Kh2 Qe4 32. g3 Kh7 33. Kg1 Qf3 34. Kh2 a5 35. Kg1 a4 36. bxa4 bxa4 37. Qc2 a3 38. Qc4 Qf6 39. Kg2 Kg7 40. Qb3 Qb2 41. Qd5 Qb4 42. Kg1 Qe7 43.
Qd4+ f6 44. Qd5 Qf7 45. Qd2 f5 46. Qc3+ Qf6 47. Qxa3 f4 48. Qa7+ Kh6 49. Kg2 f3+ 50.
Kh2 Qa1 51. Qe3+ Kg7 52. a3 Qf6 53. Qf4 Qc6 54. a4 Qb6 55. Qxf3 Qa5 56. Qf4 Kh7 57. Kg2 Qa8+ 58. f3 Qa5 59. Qd4 Qa6 60. Qd7+ Kh6 61.
Qe8 Qd3 62. Qh8# 1-0

[Event "Early-Titled-Tuesday-Blitz-March-05-2024"]
[Site "Chess.com"]
[Date "2024.03.05"]
[Round "8"]
[White "Kielinkei"]
[Black "AttilaTurzo"]
[Result "1-0"]
[WhiteElo "2597"]
[BlackElo "2473"]
[TimeControl "180+1"]
[EndTime "9:31:03 PST"]
[Termination "Kielinkei won by resignation"]

1. c4 e5 2. g3 Nf6 3. Bg2 c6 4. Nf3 e4 5. Nd4 Bc5 6. Nb3 Be7 7.
O-O d5 8. d3 exd3 9. Qxd3 O-O 10. cxd5 Nxd5 11. a3 Nb6 12. Qxd8 Rxd8 13. Nc3 Be6 14.
Nd2 N8d7 15. Nf3 Nc5 16. Bf4 Nd5 17. Nxd5 Bxd5 18. Rad1 Bf6 19. b4 Ne4 20. Be5 Nc3 21. Bxc3 Bxc3 22. Rd3 Bf6 23. Rfd1 Be4 24. Rxd8+ Rxd8 25. Rxd8+ Bxd8 26. Nd4 Bb1 27. Nb3 Kf8 28. Nc5 b6 29.
Nd7+ Ke7 30. Bxc6 Kd6 31. Ba4 Bg5 32. f4 Be7 33. Nb8 Be4 34. Kf2 Kc7 35. Na6+ Kb7 36.
Bb5 f5 37. Ke3 Bf6 38. Kd2 Bd4 39. e3 Bb2 40. a4 Ba3 41. Kc3 Bc1 42. Kd4 Bb2+ 43.
Kc4 Bc2 44. a5 Ba1 45. Kd5 Bb3+ 46. Kd6 Bf6 47. Nc7 Bc3 48. a6+ Kc8 49. Nd5 Kd8 50. Nxc3 g6 51. e4 fxe4 52. Nxe4 Bc2 53. Nf6 h5 54.
Nd5 Bd1 55. Ne3 Be2 56. Bxe2 h4 57. f5 g5 58. f6 Ke8 59. gxh4 gxh4 60. Bh5+ Kf8 61.
f7 h3 62. Kc6 Ke7 63. Kb7 Kf8 64. Kxa7 1-0

[Event "Early-Titled-Tuesday-Blitz-March-05-2024"]
[Site "Chess.com"]
[Date "2024.03.05"]
[Round "8"]
[White "sergeikim"]
[Black "Knightmare1014"]
[Result "1-0"]
[WhiteElo "2570"]
[BlackElo "2310"]
[TimeControl "180+1"]
[EndTime "9:31:03 PST"]
[Termination "sergeikim won on time"]

1. d4 d5 2. c4 e6 3. Nc3 Nf6 4. Nf3 Be7 5. Bf4 O-O 6. e3 b6 7. cxd5 Nxd5 8. Nxd5 Qxd5 9. Bd3 Ba6 10. O-O c5 11. e4 Qb7 12. d5 exd5 13. exd5 Rd8 14. d6 Bf6 15. Re1 Bxd3 16. Qxd3 Nc6 17. Ng5 Bxg5 18. Bxg5 Rd7 19. a3 Nd4 20. Bf4 h6 21.
b4 Qd5 22. bxc5 bxc5 23. Rab1 Rad8 24. Rbd1 Qf5 25. Qg3 Kh8 26. Be5 Ne6 27. h4 f6 28.
Bc3 Nf4 29. Ba5 Rg8 30. Qf3 g5 31. Qe4 Qxe4 32. Rxe4 Ng6 33. h5 Ne5 34. Bc3 Rgd8 35. Bxe5 fxe5 36. Rxe5 Rxd6 37. Rxd6 Rxd6 38. Rxc5 Rd1+ 39.
Kh2 Rd4 40. g3 Ra4 41. Rc3 Kg7 42. Kg2 Kf6 43. Rc6+ Kg7 44. Rg6+ Kh7 45. Rc6 Rxa3 46. Rc7+ Kh8 47. Kh3 a5 48. Kg4 Ra2 49. Kf5 1-0

[Event "Early-Titled-Tuesday-Blitz-March-05-2024"]
[Site "Chess.com"]
[Date "2024.03.05"]
[Round "8"]
[White "amanjazu"]
[Black "littlepinkyboy"]
[Result "0-1"]
[WhiteElo "2533"]
[BlackElo "2672"]
[TimeControl "180+1"]
[EndTime "9:31:04 PST"]
[Termination "littlepinkyboy won on time"]

1. g3 d5 2. Bg2 Nf6 3. f4 c5 4.
Nf3 Nc6 5. O-O g6 6. d3 d4 7. Nc3 dxc3 8. bxc3 Bg7 9. e4 O-O 10. e5 Nd5 11. c4 Nc7 12. Be3 b6 13. d4 cxd4 14. Nxd4 Nxd4 15. Bxa8 Nf5 16. Qxd8 Rxd8 17.
Bxb6 axb6 18. Rfd1 Rf8 19. Be4 Ne3 20. Rd3 Nxc4 21.
Rb1 Be6 22. a4 f6 23. exf6 Bxf6 24. Kg2 Na6 25. Kf3 Nc5 26. Bd5 Bxd5+ 27. Rxd5 Nxa4 28. Rb4 Nab2 29. h4 Ra8 30. h5 Ra3+ 31. Kf2 Ne3 32.
Rd8+ Kf7 33. hxg6+ hxg6 34. Rb3 Nxc2 35. Rxa3 Nxa3 36.
g4 Nb5 37. Kf3 Nc4 38. g5 Bg7 39. Ke4 Ncd6+ 40. Kf3 Nd4+ 41. Kg4 b5 42. Rb8 Ne6 43. Rb6 Nc5 44. Rc6 Nd3 45. Kf3 b4 46. Ke3 Nb2 47. Kf3 Nbc4 48. Rc5 b3 49. Rc7 b2 0-1

[Event "Early-Titled-Tuesday-Blitz-March-05-2024"]
[Site "Chess.com"]
[Date "2024.03.05"]
[Round "8"]
[White "Matols"]
[Black "Kumi29"]
[Result "0-1"]
[WhiteElo "2384"]
[BlackElo "2600"]
[TimeControl "180+1"]
[EndTime "9:31:04 PST"]
[Termination "Kumi29 won on time"]

1. d4 e6 2. c4 b6 3. g3 Bb7 4. Nf3 f5 5. Bg2 Nf6 6. O-O Be7 7. Nc3 d5 8. cxd5 exd5 9. Qa4+ c6 10. Ne5 O-O 11. Bf4 Ne4 12. Rac1 g5 13. Nxe4 dxe4 14. Be3 f4 15. Bxe4 fxe3 16. Qb3+ Kg7 17. Qxe3 Nd7 18. Nxc6 Bxc6 19. Bxc6 Rc8 20. Bg2 Kh8 21. Rxc8 Qxc8 22. Qxe7 Nf6 23. d5 g4 24. d6 Nd7 25. Be4 Nf6 26. Bd3 Qd8 27. Qe5 Re8 28. Qd4 Re6 29. Rc1 Rxd6 30. Qe5 Rd5 31. Qe6 Rd6 32. Qf7 Rd7 33. Qc4 Qe7 34. Qc8+ Kg7 35. Qc3 h5 36. Qd2 Qe5 37. Qf4 Qxf4 38. gxf4 Nd5 39. f5 Nf4 40. Rc3 Kf6 41. Kf1 h4 42. Ke1 Kg5 43. Kd2 h3 44.
Rc6 Nxd3 45. exd3 Kxf5 46. Rh6 Kf4 47. Rf6+ Kg5 48. Rf8 Rc7 49. d4 Rd7 50. Kd3 Rd6 51. Ke4 Re6+ 52. Kd3 Rd6 53. b3 a5 54. f4+ Kh5 55.
Rh8+ Rh6 0-1

[Event "Early-Titled-Tuesday-Blitz-March-05-2024"]
[Site "Chess.com"]
[Date "2024.03.05"]
[Round "8"]
[White "vi_pranav"]
[Black "Iskusnyh"]
[Result "1-0"]
[WhiteElo "3053"]
[BlackElo "2690"]
[TimeControl "180+1"]
[EndTime "9:31:05 PST"]
[Termination "vi_pranav won on time"]

1. e4 e6 2. d3 c5 3. Nd2 Nc6 4. Ngf3 g6 5. g3 Bg7 6. Bg2 d6 7. O-O Nge7 8. Nc4 O-O 9. Re1 e5 10. a4 h6 11. c3 Be6 12. Ne3 f5 13. exf5 Nxf5 14. Nxf5 Bxf5 15. Nh4 Qd7 16. Nxf5 gxf5 17. Qh5 Kh7 18. Be3 Ne7 19. Rad1 Qxa4 20. d4 cxd4 21. cxd4 e4 22. Bf4 Qd7 23. Bh3 d5 24.
Rc1 Nc6 25. Red1 Qf7 26. Qe2 Rad8 27. Qb5 Kh8 28. Be3 f4 29. gxf4 Qh5 30. Bg2 Rf7 31. Kh1 Qf5 32. Qf1 Rg8 33. Bh3 Qh5 34. f3 exf3 35.
Be6 Re8 36. Bxf7 Qxf7 37. Qxf3 Re4 38. Rd3 Qf5 39. Rg1 Kh7 40. Rc3 Re7 41. Rc5 Qd3 42.
Rc3 Qf5 43. Qg2 a6 44. Bf2 Rf7 45. Rg3 Qf6 46. Rg6 Qe7 47. Rxh6+ Kg8 48. Rg6 Kf8 49.
Qxd5 1-0

[Event "Early-Titled-Tuesday-Blitz-March-05-2024"]
[Site "Chess.com"]
[Date "2024.03.05"]
[Round "8"]
[White "Igor_Lysyj"]
[Black "tetrix83"]
[Result "1-0"]
[WhiteElo "2824"]
[BlackElo "2632"]
[TimeControl "180+1"]
[EndTime "9:31:05 PST"]
[Termination "Igor_Lysyj won on time"]

1. d4 Nf6 2. c4 g6 3. Nc3 Bg7 4. e4 O-O 5. Nf3 d6 6. Be2 e5 7. Be3 Na6 8. O-O Ng4 9. Bg5 Qe8 10. Re1 exd4 11. Nxd4 Qe5 12. Nf3 Qc5 13. Bh4 Be6 14.
Rc1 Ne5 15. Nd4 Qb6 16. Nf5 gxf5 17. exf5 Rae8 18. fxe6 fxe6 19. b3 Ng6 20. Bg3 Nc5 21. Bh5 Qa5 22. Qc2 Nd7 23. Bxg6 hxg6 24. Ne4 Qf5 25. Qe2 Nf6 26. Nxf6+ Rxf6 27. f3 Rf7 28. Qe4 Qxe4 29. Rxe4 Rf5 30. Re2 Kf7 31. Bf2 b6 32. Rd1 Rh5 33. g4 Rh7 34. Bg3 g5 35. Kg2 e5 36. b4 Bf6 37. Rd3 Ke6 38. Ra3 Ra8 39. b5 Rhh8 40. Ra6 Kd7 41. a4 Kc8 42. a5 Kb7 43.
Ra2 Be7 44. Kf2 Bf6 45. Ke3 Rhd8 46. Ke4 Be7 47. Bf2 Rf8 48. Be3 Rh8 49. axb6 cxb6 50.
R6a4 Bd8 51. Kd5 Rh7 52. Kxd6 Bc7+ 53. Kd5 Rd7+ 54. Ke4 Rh7 55. Bxg5 Rd7 56. Be3 Rf7 57. h4 1-0

[Event "Early-Titled-Tuesday-Blitz-March-05-2024"]
[Site "Chess.com"]
[Date "2024.03.05"]
[Round "8"]
[White "ContrVersia"]
[Black "Goryachkina"]
[Result "1/2-1/2"]
[WhiteElo "2860"]
[BlackElo "2694"]
[TimeControl "180+1"]
[EndTime "9:31:11 PST"]
[Termination "Game drawn by repetition"]

1. d4 Nf6 2. c4 e6 3. Nf3 d5 4.
g3 c5 5. cxd5 cxd4 6. dxe6 Bxe6 7. Qxd4 Nc6 8. Qxd8+ Rxd8 9. a3 Bd5 10. Be3 Ng4 11. Nc3 Nxe3 12. fxe3 Bb3 13. Nd2 Be6 14. Nde4 Be7 15. Bg2 O-O 16. Rd1 Ne5 17. Rf1 Nc4 18. Rf3 b6 19. Rxd8 Rxd8 20. Nd1 Bd5 21. Rf5 Bxe4 22.
Bxe4 Rxd1+ 23. Kxd1 Nxe3+ 24. Kd2 Nxf5 25. Bxf5 Bf6 26.
Kc2 Bd4 27. b3 a5 28. Kd3 Bc5 29. Kc4 Bxa3 30. g4 g6 31. Be4 Kg7 32. Bd5 Kf6 33. Kd4 Bc5+ 34. Ke4 Ke7 35. h4 Bf2 36. h5 Kf6 37.
Kf3 Bc5 38. e4 Bd4 39. Kf4 Be5+ 40. Kf3 Kg7 41. Bc4 f6 42. Bb5 Kh6 43. hxg6 hxg6 44. Be8 Kg7 45. Ke2 g5 46. Kd3 Kf8 47. Bb5 Ke7 48. Kc4 Kd6 49. Be8 Bg3 50. Kb5 Bf2 51. Kc4 Ke5 52. Bg6 Kf4 53. Bf5 Bg1 54. Kb5 Bf2 55.
Kc4 Ke5 56. Bg6 Kd6 57. Bh7 Ke5 58. Kb5 Bg1 59. Kc4 Kf4 60. Bf5 Ke5 61. Bh7 Bf2 62. Kd3 Bg1 63. Kc4 1/2-1/2

[Event "Early-Titled-Tuesday-Blitz-March-05-2024"]
[Site "Chess.com"]
[Date "2024.03.05"]
[Round "8"]
[White "averageFM"]
[Black "JoliyRoger"]
[Result "1-0"]
[WhiteElo "2604"]
[BlackElo "2420"]
[TimeControl "180+1"]
[EndTime "9:31:11 PST"]
[Termination "averageFM won on time"]

1. d4 Nf6 2. Nc3 d5 3. e4 Nxe4 4. Nxe4 dxe4 5. Be3 Nd7 6. f3 exf3 7. Nxf3 Nf6 8. Bc4 Bf5 9. Qe2 e6 10. O-O-O c6 11.
Ne5 Bd6 12. Rhf1 Bxe5 13. dxe5 Nd5 14. g4 Bg6 15. Bc5 Qa5 16. Bd6 Qb6 17. a3 Qe3+ 18. Qd2 Qxd2+ 19. Kxd2 Nb6 20. Bd3 Bxd3 21. cxd3 Rd8 22. Ke3 Rd7 23. Ke4 Nc8 24. Bc5 b6 25. Be3 O-O 26. h4 Rd5 27. h5 Rfd8 28. d4 Ne7 29. Bg5 R8d7 30. h6 g6 31. b4 Nc8 32.
Be3 a6 33. Rc1 Na7 34. a4 Kf8 35. Rf6 Ke8 36. Rf2 Kd8 37. Bg5+ Ke8 38. Be3 Rc7 39. Kf4 Nc8 40. Rfc2 Na7 41. Kg5 Ke7 42. Rf1 b5 43. a5 Ke8 44. Kf6 Kf8 45. Rfc1 Kg8 46. Kg5 Kf8 47. Kf4 Ke7 48. Ke4 Ke8 49. Rc5 Kd7 50. Kf4 Ke7 51. Kg5 Rcd7 52. R5c2 Ke8 53. Rf2 Rc7 54.
Kf6 Kf8 55. Rcf1 Rcd7 56. Kg5 Ke8 57. Rf6 1-0

[Event "Early-Titled-Tuesday-Blitz-March-05-2024"]
[Site "Chess.com"]
[Date "2024.03.05"]
[Round "8"]
[White "StrackedAktonamee"]
[Black "Egor_Koshulyan"]
[Result "0-1"]
[WhiteElo "2497"]
[BlackElo "2728"]
[TimeControl "180+1"]
[EndTime "9:31:12 PST"]
[Termination "Egor_Koshulyan won on time"]

1. e4 c5 2. Nf3 Nc6 3. d4 cxd4 4. Nxd4 Nf6 5. Nc3 e5 6. Ndb5 d6 7. Bg5 a6 8. Na3 Rb8 9. Nd5 Be7 10. Bxf6 Bxf6 11. c3 Bg5 12. Nc2 b5 13. a4 bxa4 14.
Ncb4 Nxb4 15. cxb4 O-O 16. Rxa4 a5 17. b5 Bd7 18.
Qb3 Rc8 19. Bc4 Kh8 20. O-O f5 21. exf5 Rxf5 22. Rfa1 Be6 23. Qd3 e4 24. Qxe4 Re5 25. Qd3 Rxc4 26. Qxc4 Rxd5 27. Qe4 Re5 28. Qd3 Qb6 29.
Rxa5 Bg8 30. Ra6 Qxb5 31. Qxb5 Rxb5 32. Rxd6 Rxb2 33. g3 h6 34. h4 Bf6 35. Ra7 Rb1+ 36. Kg2 Rb5 37. Ra8 Kh7 38. Ra7 Kg6 39. Rad7 Bc4 40. Kh3 Rb1 41. f3 Re1 42. Kg2 Re2+ 43. Kh3 Be6+ 44. g4 Bxd7 45. Rxd7 Re3 46. Kg3 Be5+ 47.
Kf2 Ra3 48. Re7 Kf6 49. Re8 Ra2+ 50. Ke3 Ra3+ 51. Ke4 Ra4+ 52. Ke3 Bf4+ 53. Kd3 Ra3+ 54. Ke2 g5 55. hxg5+ hxg5 56. Rc8 Ra2+ 57. Kd3 Rf2 58. Ke4 Re2+ 59. Kd4 Re3 60. Rc6+ Ke7 0-1

[Event "Early-Titled-Tuesday-Blitz-March-05-2024"]
[Site "Chess.com"]
[Date "2024.03.05"]
[Round "8"]
[White "NikitaShnadrygin"]
[Black "Binary010"]
[Result "1/2-1/2"]
[WhiteElo "2625"]
[BlackElo "2813"]
[TimeControl "180+1"]
[EndTime "9:31:13 PST"]
[Termination "Game drawn by repetition"]

1. e4 c5 2. Nf3 e6 3. d4 cxd4 4. Nxd4 Nf6 5. Nc3 Nc6 6. Ndb5 Bc5 7. Bf4 O-O 8. Bc7 Qe7 9. Bd6 Bxd6 10. Qxd6 Qd8 11.
Nc7 Rb8 12. O-O-O b5 13. N7xb5 Qb6 14. b3 Qxf2 15. Qd2 Qc5 16. Bd3 Qe5 17. Na3 d5 18. exd5 Nxd5 19. Nxd5 Qa1+ 20. Nb1 exd5 21. Qc3 Qxc3 22.
Nxc3 d4 23. Nd5 Bg4 24. Rde1 Rfe8 25. Kd2 Be6 26. Nc7 Re7 27. Nxe6 fxe6 28. Bc4 Rbe8 29. Re4 Kh8 30. Rhe1 e5 31. Bd5 Nb4 32. Bc4 Nxa2 33. Bb5 Nc3 34. Bxe8 Nxe4+ 35. Rxe4 Rxe8 36. c3 dxc3+ 37. Kxc3 Kg8 38. Ra4 Re7 39. Kd3 Kf7 40. Ke4 Kf6 41.
Ra6+ Kg5 42. b4 g6 43. b5 Rb7 44. Ra5 Kf6 45. Ra6+ Kg5 46. Ra5 h5 47. Kxe5 Re7+ 48. Kd6 Kf6 49. Ra6 Re2 50. Kc7+ Kf5 51. Rxa7 Rxg2 52.
b6 Rc2+ 53. Kd6 Rxh2 54. Ra5+ Kf6 55. Rb5 Rd2+ 56. Kc7 Rc2+ 57. Kd7 Rd2+ 58. Kc8 Rc2+ 59. Kd7 Rd2+ 60. Kc7 Rc2+ 61. Kd7 1/2-1/2

[Event "Early-Titled-Tuesday-Blitz-March-05-2024"]
[Site "Chess.com"]
[Date "2024.03.05"]
[Round "8"]
[White "corvachesky"]
[Black "WilsonPalencia21"]
[Result "1-0"]
[WhiteElo "2501"]
[BlackElo "2573"]
[TimeControl "180+1"]
[EndTime "9:31:15 PST"]
[Termination "corvachesky won by checkmate"]

1. Nf3 c5 2. c4 g6 3. g3 Bg7 4.
d4 Nf6 5. Nc3 O-O 6. Bg2 d6 7.
O-O Nc6 8. dxc5 dxc5 9. Be3 b6 10. Ne5 Nxe5 11. Bxa8 Nxc4 12. Qxd8 Rxd8 13. Rad1 Rf8 14. Bc1 Ba6 15. Bg2 Nd6 16. Rfe1 Nf5 17. Bf4 Nh5 18. Rd7 Nxf4 19. gxf4 Bc4 20. Rxa7 b5 21. Ne4 Rc8 22. b3 Bd5 23. Ng3 Bxg2 24. Kxg2 Nd6 25.
Rxe7 c4 26. Rd7 Ne8 27. bxc4 bxc4 28. Rc1 h5 29. e4 h4 30. Ne2 Nf6 31. Rb7 Nxe4 32.
a4 Nc5 33. Rxc4 Nxb7 34. Rxc8+ Kh7 35. Rc7 Na5 36. Rc5 Nb7 37. Rc7 Na5 38. Rxf7 Kg8 39.
Ra7 Nc6 40. Ra8+ Kf7 41. a5 Bf8 42. a6 Bc5 43. Rc8 Nd4 44. Rxc5 Nxe2 45. a7 Nxf4+ 46. Kf3 Ne6 47. Ra5 Nd4+ 48. Ke4 Nc6 49. a8=Q Ne7 50. Ra7 Kf6 51. Rxe7 Kg5 52. Qg8 Kg4 53. Qxg6+ Kh3 54. Qh5 Kg2 55. Qg4+ Kf1 56. f4 Kf2 57. f5 Ke1 58. f6 Kd2 59. f7 Ke1 60. f8=Q Kd2 61. Qf2+ Kc1 62. Qge2 Kb1 63. Qb2# 1-0

[Event "Early-Titled-Tuesday-Blitz-March-05-2024"]
[Site "Chess.com"]
[Date "2024.03.05"]
[Round "8"]
[White "verrbaa"]
[Black "carloseduar100"]
[Result "1-0"]
[WhiteElo "2511"]
[BlackElo "2365"]
[TimeControl "180+1"]
[EndTime "9:31:16 PST"]
[Termination "verrbaa won by checkmate"]

1. e4 e6 2. d4 d5 3. Nc3 Nf6 4. Bg5 Be7 5. e5 Nfd7 6. Bxe7 Qxe7 7. f4 O-O 8. Nf3 c5 9. Qd2 cxd4 10. Nxd4 Nc6 11.
O-O-O Nxd4 12. Qxd4 Qc5 13. Ne2 Qxd4 14. Nxd4 a6 15. a4 b5 16. axb5 axb5 17. Bxb5 Nc5 18. b3 Ne4 19. Kb2 Rb8 20. Ra1 Bb7 21. Rhf1 g6 22. g4 Rfc8 23. f5 exf5 24. gxf5 Nc3 25. Bd7 Rc7 26. e6 Ne4 27. Nb5 Rxd7 28. exd7 Rd8 29. Rad1 Rxd7 30. c4 Kg7 31. Nc3 Nf6 32. cxd5 g5 33. d6 h6 34. Nb5 Bc6 35. Nc3 Bb7 36.
Rfe1 Bc6 37. Re7 Kf8 38. Rxd7 Nxd7 39. b4 Ne5 40. b5 Bd7 41. Kb3 Bxf5 42. b6 Nd7 43. b7 Ke8 44. Ra1 f6 45. Ra8+ Kf7 46. b8=Q Nxb8 47. Rxb8 Ke6 48. Nb5 h5 49. Kc4 Be4 50. Kc5 g4 51. Re8+ Kf5 52. d7 h4 53.
Nd4+ Kf4 54. d8=Q f5 55. Qd6+ Ke3 56. Nxf5+ Kf2 57. Rxe4 g3 58. Qd2+ Kf3 59. Rf4# 1-0

[Event "Early-Titled-Tuesday-Blitz-March-05-2024"]
[Site "Chess.com"]
[Date "2024.03.05"]
[Round "8"]
[White "Yeritsyaan"]
[Black "Byniolus"]
[Result "1/2-1/2"]
[WhiteElo "2618"]
[BlackElo "2807"]
[TimeControl "180+1"]
[EndTime "9:31:18 PST"]
[Termination "Game drawn by repetition"]

1. c4 c6 2. d4 d5 3. Nc3 Nf6 4. cxd5 cxd5 5. f3 Nc6 6. e4 e6 7. e5 Nd7 8. f4 Be7 9. Nf3 O-O 10. Bd3 f5 11. exf6 Bxf6 12. Be3 Nb4 13. Bb1 b6 14. a3 Nc6 15. O-O Ba6 16. Re1 Rc8 17. Ne5 Ndxe5 18.
fxe5 Bg5 19. Bd3 Bxe3+ 20. Rxe3 Bxd3 21. Qxd3 Qh4 22. Rd1 Rf5 23. g3 Qg4 24. Qe2 h5 25.
Qxg4 hxg4 26. Ne2 g5 27. Rc3 Rff8 28. Rdc1 Ne7 29. Rxc8 Rxc8 30. Rxc8+ Nxc8 31. Kg2 Ne7 32. h3 Nf5 33. hxg4 Ne3+ 34. Kf3 Nc4 35. Nc1 Nxb2 36.
Ke2 b5 37. Kd2 Nc4+ 38. Kc3 a5 39. Kb3 Ne3 40. Nd3 Nxg4 41. Nc5 Kf7 42. Nb7 a4+ 43. Kb4 Ne3 44. Nd6+ Kg6 45. Nxb5 Nf5 46. g4 Ne3 47. Kxa4 Nxg4 48. Kb3 Ne3 49. Nc3 Kf5 50. a4 Nc4 51. Kb4 g4 52. a5 Nxa5 53. Kxa5 g3 54. Kb4 g2 55. Ne2 Ke4 56. Kc5 Ke3 57. Ng1 Kd3 58. Nh3 Ke3 59. Ng1 Ke4 60. Nh3 Ke3 61. Ng1 1/2-1/2